 Dungeon Crawl Stone Soup version 0.22-a0-373-gab1296c (webtiles) character file.

2259 puppykicker the Archer (level 9, -3/75 HPs)
             Began as a Minotaur Arcane Marksman on Apr 26, 2018.
             Was an Initiate of Kikubaaqudgha.
             Slain by a centaur
             ... wielding a +0 halberd
              (13 damage)
             ... in a bailey.
             The game lasted 00:34:01 (8189 turns).

puppykicker the Archer (Minotaur Arcane Marksman)   Turns: 8189, Time: 00:34:02

Health: -3/75      AC:  8    Str: 14    XL:     9   Next: 15%
Magic:  9/9        EV: 13    Int: 13    God:    Kikubaaqudgha [......]
Gold:   429        SH:  0    Dex: 12    Spells: 1/10 levels left

rFire    . . .     SeeInvis .   G - +0 bardiche
rCold    + . .     Gourm    .   (shield currently unavailable)
rNeg     . . .     Faith    .   z - +0 ring mail
rPois    .         Spirit   .   (helmet restricted)
rElec    .         Reflect  .   v - +0 cloak
rCorr    +         Harm     .   p - +0 pair of gloves
MR       .....                  (no boots)
Stlth    +.........             (no amulet)
HPRegen  0.22/turn              r - ring of protection from cold
MPRegen  0.11/turn              n - ring of resist corrosion

@: hasted, very quick
A: retaliatory headbutt, horns 2
a: Renounce Religion


You were in a bailey.
You worshipped Kikubaaqudgha.
Kikubaaqudgha was noncommittal.
You were not hungry.

You visited 2 branches of the dungeon, and saw 7 of its levels.
You also visited: Bailey.

You collected 429 gold pieces.


Innate Abilities, Weirdness & Mutations

You reflexively headbutt those who attack you in melee.
You have a pair of horns on your head.


   Skills:
 - Level 6.1 Fighting
 * Level 3.1 Polearms
 + Level 8.0 Bows
 - Level 6.0 Armour
 - Level 6.0 Dodging
 - Level 1.0 Spellcasting
 - Level 2.0 Hexes
 + Level 1.0 Charms
 + Level 1.1 Necromancy
 + Level 1.2 Translocations


You had one spell level left.
You knew the following spells:

 Your Spells              Type           Power        Failure   Level  Hunger
a - Corona                Hex            #......      22%         1    ##.....
b - Slow                  Hex            #.......     34%         2    ###....
c - Portal Projectile     Hex/Tloc       #.....       63%         3    ####...
r - Regeneration          Chrm/Necr      #.........   69%         3    ####...

Inventory:

Hand Weapons
 a - a +1 short sword of venom
 b - a +1 shortbow
 c - a +1 short sword of electrocution
 s - a +0 trident
 w - a +0 flail
 B - a +0 whip of draining
 C - a +0 halberd
 E - a +0 hand axe
 F - a cursed -1 trident
 G - a +0 bardiche (weapon)
 H - a +0 glaive
Missiles
 d - 2 arrows
 y - 3 javelins of returning
 A - 3 tomahawks (quivered)
Armour
 p - a +0 pair of gloves (worn)
 q - a +0 scale mail
 v - a +0 cloak (worn)
 z - a +0 ring mail (worn)
Jewellery
 n - a ring of resist corrosion (right hand)
 r - a ring of protection from cold (left hand)
Scrolls
 e - 3 scrolls of teleportation
 h - a scroll of identify
 j - 2 scrolls of amnesia
 k - 3 scrolls of enchant armour
 o - 2 scrolls of noise {!r}
Potions
 i - a potion of heal wounds
 l - a potion of ambrosia
 m - 2 potions of curing
 t - a potion of mutation {!q}
 x - a potion of flight
 D - a potion of lignification {!q}
Comestibles
 f - 6 rations

Dungeon Overview and Level Annotations

Branches:
Dungeon (7/15)             Temple (1/1) D:5

Altars:
Dithmenos
Fedhas
Hepliaklqana
Kikubaaqudgha
Nemelex Xobeh
Okawaru
Sif Muna
Uskayaw
Vehumet
Yredelemnul
Zin
The Shining One

Annotations:
D:4 dreadwin's ghost, amateur OgFE

≈.≈≈.⌠..≈≈≈≈≈..⌠.≈≈.
≈≈.≈...).≈≈≈.....≈(≈
≈≈.≈≈≈.........≈≈≈(≈
≈≈≈.(≈≈≈.....≈≈≈((≈≈
≈≈≈≈≈()≈#...#≈)(≈≈≈≈
≈≈≈≈≈≈≈.#...#(≈≈≈≈≈≈
≈≈≈≈≈≈≈≈#.).#≈≈≈≈≈≈≈
#≈≈≈≈≈≈≈#.c[#≈≈≈≈≈≈≈
#########@''#########
##.......(...........##
##.....)...............##
##....)).⌠#######⌠.......##
#≈....#####.....#####....≈#
#≈...##....≈≈≈≈≈....##...≈#
#≈...#.⌠.≈≈≈...≈≈≈.⌠.#...≈#
#≈...#..≈≈..≈.≈..≈≈..#...≈#
#≈).⌠#.≈≈.≈≈≈.≈≈≈.≈≈)#⌠..≈#


You could see a centaur.


Message History

The javelin of returning hits you!
* * * LOW HITPOINT WARNING * * *
The weapon returns to the centaur!
The orc warrior hits you from afar with a glaive!
* * * LOW HITPOINT WARNING * * *
The centaur throws a javelin of returning.
The javelin of returning hits you.
* * * LOW HITPOINT WARNING * * *
The weapon returns to the centaur!
Unknown command.
The orc warrior barely misses you.
Things that are here:
a halberd; a ring mail
There is an open gate here.
The centaur throws a javelin of returning.
The javelin of returning hits you.
* * * LOW HITPOINT WARNING * * *
You see here a javelin of returning.
You start resting.
The centaur barely misses you.
You see here a javelin of returning.
The centaur hits you but does no damage.
There is an open gate here.
You hit the centaur but do no damage.
You headbutt the centaur, but do no damage.
The centaur hits you with a halberd!
* * * LOW HITPOINT WARNING * * *
You barely miss the centaur. The centaur hits you with a halberd!
You die...
Kikubaaqudgha rasps: "You have failed me!
Welcome... death!"

Action                   |  1- 3 |  4- 6 |  7- 9 || total
-------------------------+-------+-------+-------++-------
Melee: Mace              |    25 |       |       ||    25
       Short sword       |    38 |   122 |   132 ||   292
       Headbutt          |     7 |    15 |    22 ||    44
       Unarmed           |     2 |       |       ||     2
       Bardiche          |       |       |    10 ||    10
 Fire: Shortbow          |    30 |    37 |   224 ||   291
Throw: Tomahawk          |       |     7 |       ||     7
       Javelin           |       |       |     5 ||     5
 Cast: Slow              |       |     1 |       ||     1
  Use: Scroll            |     5 |     9 |     6 ||    20
       Potion            |     1 |       |     1 ||     2
  Eat: Chunk             |     2 |    10 |     9 ||    21
       Ration            |       |       |     1 ||     1
Armor: Robe              |     6 |       |       ||     6
       Leather armour    |    26 |    22 |       ||    48
       Ring mail         |       |    11 |    50 ||    61
Dodge: Dodged            |    72 |    86 |   129 ||   287

Vault maps used:
D:1:      lightli_arrival_boilingwater
D:2:      kennysheep_the_goblin_king, hex_tiny
D:3:      lemuel_blue_sif_altar
D:4:      first_ration
D:5:      minmay_temple_entry_steel_oval
D:7:      enter_bailey_7, uniq_joseph
Temple:   jpeg_temple_clearing
Bailey:   bailey_polearm_flooded_kennysheep, bailey

Notes
Turn   | Place    | Note
-------+----------+-------------------------------------------
     0 | D:1      | puppykicker the Minotaur Arcane Marksman began the quest for the Orb.
     0 | D:1      | Reached XP level 1. HP: 16/16 MP: 1/1
   118 | D:1      | Reached XP level 2. HP: 23/23 MP: 2/2
   166 | D:1      | Reached skill level 1 in Armour
   817 | D:1      | Reached skill level 2 in Fighting
   902 | D:1      | Learned a level 2 spell: Slow
  1115 | D:2      | Reached XP level 3. HP: 22/29 MP: 3/3
  1350 | D:2      | Reached skill level 3 in Dodging
  1352 | D:2      | Reached skill level 3 in Bows
  1355 | D:2      | Reached skill level 2 in Armour
  1718 | D:2      | Reached XP level 4. HP: 37/37 MP: 4/4
  2243 | D:3      | Reached skill level 3 in Fighting
  2599 | D:3      | Reached XP level 5. HP: 45/45 MP: 5/5
  2605 | D:3      | Learned a level 3 spell: Portal Projectile
  2964 | D:3      | Found a deep blue altar of Sif Muna.
  3182 | D:4      | Noticed an ogre
  3194 | D:4      | Killed an ogre
  3194 | D:4      | Reached skill level 4 in Bows
  3194 | D:4      | Reached skill level 3 in Armour
  3571 | D:4      | Reached XP level 6. HP: 51/51 MP: 6/6
  3675 | D:4      | Noticed an orc warrior
  4035 | D:4      | Killed an orc warrior
  4035 | D:4      | Reached skill level 4 in Fighting
  4035 | D:4      | Reached skill level 4 in Dodging
  4374 | D:4      | Noticed dreadwin's ghost (amateur OgFE)
  4556 | D:4      | Reached skill level 5 in Bows
  4592 | D:4      | Reached XP level 7. HP: 56/59 MP: 7/7
  4700 | D:5      | Entered Level 5 of the Dungeon
  4729 | D:5      | Found a staircase to the Ecumenical Temple.
  4754 | D:5      | Reached skill level 4 in Armour
  4786 | Temple   | Entered the Ecumenical Temple
  4904 | Temple   | Became a worshipper of Kikubaaqudgha
  5175 | D:5      | You fall through a shaft for 2 floors!
  5182 | D:7      | Reached skill level 5 in Fighting
  5182 | D:7      | Reached skill level 6 in Bows
  5182 | D:7      | Reached skill level 5 in Dodging
  5272 | D:7      | Reached XP level 8. HP: 62/68 MP: 8/8
  5290 | D:7      | Reached skill level 5 in Armour
  5316 | D:7      | Found a flagged portal.
  5448 | Bailey   | Entered a bailey
  5488 | Bailey   | Reached skill level 7 in Bows
  5562 | Bailey   | Reached * piety under Kikubaaqudgha
  5562 | Bailey   | Identified Kikubaaqudgha's Volume of Necromancy (Kikubaaqudgha gifted it to you in a bailey)
  5562 | Bailey   | Received a gift from Kikubaaqudgha
  5707 | Bailey   | Learned a level 3 spell: Regeneration
  6032 | Bailey   | Reached skill level 6 in Fighting
  6649 | Bailey   | Reached skill level 1 in Polearms
  6681 | Bailey   | Reached skill level 6 in Dodging
  6805 | Bailey   | Reached skill level 6 in Armour
  6975 | Bailey   | Reached skill level 2 in Polearms
  7183 | Bailey   | Reached XP level 9. HP: 33/75 MP: 9/9
  7687 | Bailey   | Reached skill level 1 in Translocations
  7703 | Bailey   | Reached skill level 1 in Necromancy
  8163 | Bailey   | Reached skill level 3 in Polearms
  8163 | Bailey   | Reached skill level 8 in Bows
  8163 | Bailey   | Reached skill level 1 in Charms
  8189 | Bailey   | Slain by a centaur

Vanquished Creatures
  8 orc warriors
  3 ogres
  6 centaurs
  A bullfrog (D:7)
  2 scorpions
  A howler monkey (D:4)
  A crimson imp (D:7)
  A centaur skeleton (D:5)
  An orc priest (D:3)
  A bullfrog skeleton (D:7)
  2 iguanas
  2 orc wizards
  4 worker ants
  A hound skeleton (D:7)
  A howler monkey skeleton (D:5)
  A gnoll (D:7)
  6 adders
  An ooze (D:3)
  2 dart slugs
  7 leopard geckos
  39 orcs
  7 giant cockroaches
  19 goblins
  9 hobgoblins
  11 jackals
  10 kobolds
  4 quokkas
  A ball python skeleton (D:4)
  5 bats
  4 frilled lizards
  A quokka zombie (D:5)
  6 rats
168 creatures vanquished.
